 Dungeon Crawl Stone Soup version 0.30-a0-341-g682706514a (webtiles) character file.

Game seed: 9131944447019071005

149795 zishaf the Stormcaller (level 17, -11/117 HPs)
             Began as a Tengu Air Elementalist on Nov 2, 2022.
             Was a Priest of Ashenzari.
             Mangled by Arachne
             ... wielding a staff of poison
              (30 damage)
             ... on level 3 of the Spider Nest.
             The game lasted 01:27:37 (41145 turns).

zishaf the Stormcaller (Tengu Air Elementalist)    Turns: 41145, Time: 01:27:37

Health: -11/117    AC: 16    Str:  9    XL:     17   Next: 52%
Magic:  16/33      EV: 19    Int: 25    God:    Ashenzari [***...]
Gold:   1118       SH:  9    Dex: 15    Spells: 3/39 levels left

rFire   . . .      SeeInvis +    R - staff of conjuration (curse) {Self, Evo}
rCold   + . .      Faith    .    c - +3 buckler {reflect}
rNeg    . . .      Spirit   .    Q - +2 robe "Gelonkem" {Archmagi}
rPois   .          Reflect  +    T - +3 crown of Dyrovepreva {rElec Int+2 SInv}
rElec   +          Harm     .    y - +2 cloak {Will+}
rCorr   .          Rampage  .    k - +0 pair of gloves of the Chained Fanaticism {Comp, Cun} (curse)
Will    +++..      Archmagi +    (boots unavailable)
Stlth   ++........ Clarity  +    x - amulet "Oblivion of Ashenzari" {rC+ Regen+ Slay+3, Elem, Fort} (curse)
HPRegen 1.19/turn                O - ring "Chained With Me" {Will+ EV+4 SInv, Fort, Elem} (curse)
MPRegen 0.23/turn                h - ring of Supernal Knowledge {AC+4, Melee, Elem} (curse)

@: lethally poisoned (-11 -> -14), flying quickly and evasively, quick
A: beak, talons 3, nimble flight, clarity, wild magic 1
a: Renounce Religion, Curse Item, Shatter the Chains


You were on level 3 of the Spider Nest.
You worshipped Ashenzari.
Ashenzari was most pleased with you.
You visited 6 branches of the dungeon, and saw 29 of its levels.
You also visited: Sewer, Ossuary and Bailey.

You collected 3497 gold pieces.
You spent 2379 gold pieces at shops.

Inventory:

Missiles
 D - 3 throwing nets
Armour
 c - a +3 buckler of reflection (worn)
 k - the cursed +0 pair of gloves of the Chained Fanaticism (worn) {Comp, Cun}
   (You found it on level 2 of the Dungeon)

   It has a curse which improves the following skills: Companions: Summonings
   and Necromancy.
   Cunning:   Dodging and Stealth.
 y - a +2 cloak of willpower (worn)
 Q - the +2 robe "Gelonkem" (worn) {Archmagi}
   (You found it on level 5 of the Lair of Beasts)

   Archmagi:  It increases the power of your magical spells.
 T - the +3 crown of Dyrovepreva (worn) {rElec Int+2 SInv}
   (You bought it in a shop on level 3 of the Shoals)

   Int:       It affects your intelligence (+2).
   rElec:     It insulates you from electricity.
   SInv:      It lets you see invisible.
Magical Staves
 R - a cursed staff of conjuration (weapon) {Self, Evo}
Jewellery
 h - the cursed ring of Supernal Knowledge (right hand) {AC+4, Melee, Elem}
   (You found it in a sewer)

   [ring of protection]

   AC:        It affects your AC (+4).
   It has a curse which improves the following skills: Melee Combat: Short
   Blades, Long Blades, Axes, Maces & Flails, Polearms, Staves and Unarmed
   Combat.
   Elements:  Fire Magic, Ice Magic, Air Magic and Earth Magic.
 o - a ring of poison resistance
 x - the cursed amulet "Oblivion of Ashenzari" (around neck) {rC+ Regen+ Slay+3, Elem, Fort}
   (You acquired it on level 7 of the Dungeon)

   [amulet of regeneration]

   Slay:      It affects your accuracy & damage with ranged weapons and melee
   (+3).
   rC:        It protects you from cold.
   Regen:     It increases your rate of health regeneration.
   It has a curse which improves the following skills: Elements: Fire Magic, Ice
   Magic, Air Magic and Earth Magic.
   Fortitude: Armour and Shields.
 G - a +4 ring of slaying
 O - the cursed ring "Chained With Me" (left hand) {Will+ EV+4 SInv, Fort, Elem}
   (You bought it in a shop on level 10 of the Dungeon)

   [ring of evasion]

   EV:        It affects your evasion (+4).
   SInv:      It lets you see invisible.
   Will:      It increases your willpower.
   It has a curse which improves the following skills: Fortitude: Armour and
   Shields.
   Elements:  Fire Magic, Ice Magic, Air Magic and Earth Magic.
Wands
 b - a wand of mindburst (16)
 l - a wand of polymorph (3)
 v - a wand of roots (41)
 A - a wand of flame (20)
 F - a wand of digging (3)
 K - a wand of quicksilver (11)
 L - a wand of charming (21)
Scrolls
 d - 4 scrolls of fear
 f - 10 scrolls of teleportation
 m - 6 scrolls of enchant weapon
 q - 6 scrolls of poison
 s - 6 scrolls of magic mapping
 w - 2 scrolls of enchant armour
 C - a scroll of blinking
 E - 4 scrolls of silence
 J - 4 scrolls of fog
 P - a scroll of brand weapon
 S - a scroll of amnesia
Potions
 a - 6 potions of lignification
 e - 5 potions of haste
 g - 14 potions of heal wounds
 i - 3 potions of resistance
 j - 20 potions of curing
 n - 6 potions of brilliance
 p - a potion of invisibility
 r - 2 potions of ambrosia
 t - 4 potions of cancellation
 u - 3 potions of magic
 z - 4 potions of might
 B - 2 potions of berserk rage
 M - 6 potions of mutation
Miscellaneous
 H - a phial of floods
 I - a box of beasts
 N - a lightning rod (4/4)
 U - a tin of tremorstones (2/2)


   Skills:
 + Level 15.6(17.1) Fighting
 - Level 2.2(3.5) Short Blades
 + Level 8.9(10.5) Staves
 - Level 4.2(6.5) Armour
 - Level 2.5(3.8) Dodging
 - Level 2.0(3.2) Stealth
 - Level 6.0(8.4) Shields
 + Level 10.2(11.8) Spellcasting
 + Level 17.3 Conjurations
 - Level 7.1(10.4) Fire Magic
 + Level 20.2(23.0) Air Magic
 - Level 6.9(8.6) Evocations


You had 3 spell levels left.
You knew the following spells:

 Your Spells              Type           Power      Damage    Failure   Level
a - Lightning Bolt        Conj/Air       73%        1d99      1%          5
b - Airstrike             Air            65%        2d(10-26) 1%          4
c - Sticky Flame          Conj/Fire      100%       2d11      1%          4
A - Arcjolt               Conj/Air       73%        1d83      1%          5
B - Maxwell's Capacitive  Air            65%        ∞         4%          8
C - Summon Lightning Spi  Summ/Air       97%        N/A       1%          4
D - Conjure Ball Lightni  Conj/Air       73%        3x3d27    1%          6

Your spell library contained the following spells:

 Spells                   Type           Power      Damage    Failure   Level
 Shock                    Conj/Air       100%       1d9       1%          1
 Static Discharge         Conj/Air       100%       2-7/arc   1%          2
 Hailstorm                Conj/Ice       100%       3d20      1%          3
 Kindle Blastsparks       Fire/Tloc/Air  100%       2d18      1%          3
 Swiftness                Air            100%       N/A       1%          3
 Vhi's Electric Charge    Tloc/Air       100%       N/A       1%          3
 Ignite Poison            Fire/Tmut/Pois 58%        N/A       6%          3
 Beastly Appendage        Tmut           56%        N/A       8%          1
 Ensorcelled Hibernation  Hex/Ice        62%        N/A       11%         2
 Gell's Gravitas          Tloc           28%        N/A       22%         3
 Portal Projectile        Hex/Tloc       56%        N/A       22%         3
 Spider Form              Tmut/Pois      28%        N/A       22%         3
 Teleport Other           Tloc           28%        N/A       22%         3
 Tukima's Dance           Hex            28%        N/A       22%         3
 Freezing Cloud           Conj/Ice/Air   63%        6-21      1%          5
 Fulminant Prism          Conj/Hex       53%        3d22      2%          4
 Iskenderun's Mystic Bla  Conj/Tloc      100%       2d19      2%          4
 Ice Form                 Ice/Tmut       31%        N/A       50%         4
 Leda's Liquefaction      Hex/Erth       15%        N/A       50%         4
 Anguish                  Hex/Necr       14%        N/A       52%         4
 Lee's Rapid Deconstruct  Erth           16%        3d10*     82%         5
 Metabolic Englaciation   Hex/Ice        15%        N/A       83%         5
 Blade Hands              Tmut           14%        N/A       86%         5
 Yara's Violent Unravell  Hex/Tmut       14%        3d7       86%         5
 Ignition                 Fire           46%        3d13      99%         8
 Dispersal                Tloc           14%        N/A       100%        6
 Simulacrum               Ice/Necr       15%        N/A       100%        6
 Statue Form              Tmut/Erth      20%        N/A       100%        6
 Malign Gateway           Summ/Tloc      14%        N/A       100%        7
 Discord                  Hex            14%        N/A       100%        8
 Disjunction              Tloc           14%        N/A       100%        8
 Summon Horrible Things   Summ           15%        N/A       100%        8
 Dragon's Call            Summ           15%        N/A       100%        9


Dungeon Overview and Level Annotations

Branches:
Dungeon (15/15)            Temple (1/1) D:5            Lair (5/5) D:10
 Shoals (3/4) Lair:2       Spider (3/4) Lair:3        Slime (0/5) Lair:4
    Orc (2/2) D:10            Elf (0/3) Orc:2        Vaults (0/5) D:13
 Depths (0/4) D:15          Sewer (visited)         Ossuary (visited)
 Bailey (visited)

Altars:
Ashenzari
Cheibriados
Dithmenos
Elyvilon
Fedhas
Gozag
Hepliaklqana
Kikubaaqudgha
Makhleb
Nemelex Xobeh
Okawaru
Qazlal
Ru
Sif Muna
Trog
Uskayaw
Vehumet
Wu Jian
Xom
Yredelemnul
Zin
The Shining One
Jiyva

Shops:
D:1 ?   D:3 *   D:5 *   D:10 =   D:13 !   Orc:2 *[[(   Shoals:1 *   Shoals:3 [

Annotations:
Spider:3 Arachne


Innate Abilities, Weirdness & Mutations

You have a beak for a mouth.
You have claws for feet.
Your magical nature lets you fly swiftly and evasively.
You possess an exceptional clarity of mind.
Your spells are a little harder to cast, but a little more powerful.


Message History

You feel a strong surge of power!
Electricity surges outward!
You kill the culicivora!
The tarantella is lightly wounded.
You hear a shout!
You hear a chilling moan.
The jumping spider pounces on you. You block the jumping spider's attack.
Arachne the Weaver comes into view.
She is wielding a staff of poison.
The tarantella closely misses you. You block the jumping spider's attack.
The jumping spider bites you but does no damage.
You block the tarantella's attack.
Casting: Arcjolt (safe; 1% risk of failure)
Confirm with . or Enter, or press ? or * to list all spells.
You feel a strong surge of power!
Electricity surges outward!
You kill the jumping spider!
You kill the tarantella!
Unknown command.
Casting: Arcjolt (safe; 1% risk of failure)
Confirm with . or Enter, or press ? or * to list all spells.
You feel a surge of power!
You begin accumulating electric charge. (Press . to continue charging.)
You feel charge building up...
Arachne stares at you and mumbles some strange words.
The bolt of poison hits you!!!
You are poisoned.
A pharaoh ant comes into view.
You feel charge building up...
You feel very sick.
Arachne stares at you and mumbles some strange words.
Your +3 buckler of reflection reflects the poison arrow!
The poison arrow hits Arachne!!
Arachne partially resists.
Arachne is poisoned.
You feel charge building up...
You feel very sick.
Arachne hits you with a staff of poison!
Arachne envenoms you!!
* * * LOW HITPOINT WARNING * * *
You are more poisoned.
You feel charge building up...
You feel very sick.
Arachne hits you with a staff of poison!
* * * LOW HITPOINT WARNING * * *
Arachne envenoms you!!
You die...

#.##.##.##.....#.# ,
#..#^.^.##.##..#*****,,,
#..^....^..#..^# * ,
...............# * , *,
..#...#.....^..### * ##
, ,
*###########..#.####^..
##........... *
#...†.†..^..# *
#!..?@##.s### , *
###.H....## * #..#...##
, * , * #..#..##,, *
.....B.# ....>..(. ,
.....,#..# , , ...#,
#... ,, * , ,


You could see Arachne (very poisoned) and a pharaoh ant.

Vanquished Creatures
  Jorgrun (Orc:1)
  Asterion (Spider:1)
  Mlioglotl (Spider:1)
  A kraken (Shoals:2)
  Frances (Shoals:2)
  Ilsuiw (Shoals:2)
  Louise (Shoals:2)
  An orc warlord (Orc:2)
  An elemental wellspring (Shoals:1)
  2 very ugly things (D:15)
  Azrael (D:12)
  A spark wasp (Spider:2)
  A merfolk javelineer (Shoals:2)
  3 merfolk impalers
  An ettin (Orc:1)
  2 vault guards (Bailey)
  6 hydras
  An ogre mage (D:15)
  2 rakshasas
  A jorogumo (shapeshifter) (D:15)
  2 merfolk avatars
  A catoblepas (Lair:3)
  3 satyrs
  4 centaur warriors
  3 boulder beetles
  7 two-headed ogres
  6 death yaks
  9 tengu warriors
  A fire crab (shapeshifter) (D:14)
  2 pharaoh ants (Spider:2)
  A steelbarb worm (Spider:1)
  A lindwurm (Lair:5)
  9 sea snakes
  2 orb spiders (Spider:1)
  A glowing orange brain (D:15)
  A wizard (D:15)
  5 harpies (Shoals:3)
  2 orc knights
  5 wolf spiders
  An orc sorcerer (Orc:2)
  20 ugly things
  7 cyclopes
  4 manticores
  6 fauns (Shoals:3)
  Maurice (D:13)
  6 merfolk sirens
  3 black mambas
  2 moths of wrath (Spider:3)
  6 elephants
  2 torpor snails
  9 water nymphs
  A gargoyle (D:11)
  10 cane toads
  An unseen horror (D:11)
  A freezing wraith (D:15)
  A demonic crawler (Spider:2)
  An efreet (D:14)
  9 komodo dragons
  2 rime drakes (Lair:4)
  4 meliai
  10 merfolk
  A meliai (shapeshifter) (D:15)
  A hornet (Lair:1)
  7 polar bears
  4 trolls
  3 tengu conjurers
  Prince Ribbit (Bailey)
  3 wind drakes
  9 tarantellas
  3 raiju (Lair:5)
  16 blink frogs
  18 slime creatures
  4 snapping turtles
  13 dream sheep
  Sigmund (D:2)
  11 culicivoras
  8 jumping spiders
  A culicivora (shapeshifter) (D:13)
  4 wraiths
  3 wyverns
  A shadow (D:13)
  21 humans
  47 yaks
  A vampire (D:13)
  A fire elemental (D:12)
  5 basilisks
  6 redbacks
  3 steam dragons
  4 vampire mosquitoes
  6 wargs
  Edmund (D:3)
  An acid dragon (D:12)
  Duvessa (D:7)
  12 hell hounds
  8 water moccasins
  10 black bears
  28 orc warriors
  11 centaurs
  15 wolves
  6 ogres
  3 phantoms
  4 kobold brigands
  31 bullfrogs
  3 necrophages
  4 scorpions
  A gnoll sergeant (D:5)
  5 wights (D:7)
  Dowan (D:7)
  6 killer bees (D:10)
  6 electric eels
  A howler monkey (D:4)
  A centaur zombie (Ossuary)
  2 human zombies (Ossuary)
  3 hounds
  4 jellies
  9 orc priests
  Terence (D:2)
  An iguana (D:5)
  24 orc wizards
  A human simulacrum (D:10)
  2 mummies (Ossuary)
  19 adders
  7 gnolls (D:5)
  2 river rats (D:5)
  A shadow imp (D:7)
  An ufetubus (D:7)
  3 worms
  2 dart slugs
  51 orcs
  12 ball pythons
  3 bats
  4 endoplasms
  10 giant cockroaches
  23 goblins
  9 hobgoblins
  15 quokkas
  6 frilled lizards (Sewer)
  2 goblin zombies (Ossuary)
  7 hobgoblin zombies (Ossuary)
  3 jackal zombies (Ossuary)
  22 kobolds
  13 kobold zombies (Ossuary)
  7 orc zombies (Ossuary)
  3 rats
  2 rat zombies (Ossuary)
841 creatures vanquished.

Vanquished Creatures (collateral kills)
  A boulder beetle (D:11)
  A sea snake (Shoals:1)
  An orc knight (Orc:2)
  5 fauns (Shoals:3)
  An ugly thing (D:14)
  2 elephants (Lair:2)
  A merfolk siren (Shoals:3)
  A torpor snail (Spider:1)
  A cane toad (Lair:5)
  A demonic crawler (Spider:1)
  A freezing wraith (D:14)
  4 polar bears (Lair:5)
  4 slime creatures
  A blink frog (Lair:5)
  3 jumping spiders
  3 dream sheep (Lair:5)
  7 yaks
  A fire elemental (D:12)
  A vampire mosquito (D:12)
  A redback (Spider:1)
  2 wargs
  5 hell hounds
  6 black bears (Lair:5)
  6 orc warriors
  4 centaurs (Orc:2)
  A wolf (Lair:5)
  An orc wizard (Orc:1)
  11 orcs
  A ball lightning (Orc:2)
78 creatures vanquished.

Vanquished Creatures (others)
  An orc warrior (Orc:2)
  A human simulacrum (D:10)
  30 ball lightnings
  60 fungi
  136 plants
228 creatures vanquished.

Grand Total: 1147 creatures vanquished

Notes
Turn   | Place    | Note
-------+----------+-------------------------------------------
     0 | D:1      | zishaf the Tengu Air Elementalist began the quest for the
                  | Orb.
     0 | D:1      | Reached XP level 1. HP: 10/10 MP: 4/4
   116 | D:1      | Found Ovirefaf's Magic Scroll Boutique.
   267 | D:1      | Reached XP level 2. HP: 16/16 MP: 3/6
   914 | D:2      | You fall into a shaft and drop 1 floor!
   925 | D:3      | Learned a level 2 spell: Static Discharge
   978 | D:3      | Reached skill level 1 in Fighting
  1054 | D:3      | Reached XP level 3. HP: 5/20 MP: 4/7
  1412 | D:3      | Reached XP level 4. HP: 26/26 MP: 0/8
  1545 | D:3      | Found Qiustas's Assorted Antiques.
  1962 | D:2      | Noticed Sigmund
  2023 | D:2      | Reached skill level 5 in Air Magic
  2044 | D:2      | Killed Sigmund
  2045 | D:2      | Reached skill level 5 in Conjurations
  2045 | D:2      | Gained mutation: Your magical nature lets you fly swiftly
                  | and evasively. [Tengu growth]
  2045 | D:2      | Reached XP level 5. HP: 21/31 MP: 0/9
  2045 | D:2      | Reached XP level 6. HP: 25/36 MP: 0/10
  2257 | D:2      | Noticed Terence
  2267 | D:2      | Killed Terence
  2869 | D:1      | Bought a scroll of teleportation for 33 gold pieces
  2869 | D:1      | Bought a scroll of identify for 22 gold pieces
  3457 | D:4      | Found an ancient bone altar of Kikubaaqudgha.
  3488 | D:4      | Found a sand-covered staircase.
  3504 | D:4      | Learned a level 3 spell: Swiftness
  3505 | Ossuary  | Entered an ossuary
  3685 | Ossuary  | Reached skill level 6 in Air Magic
  3806 | Ossuary  | Reached XP level 7. HP: 36/41 MP: 4/11
  4119 | D:4      | Noticed Edmund
  4354 | D:3      | Killed Edmund
  4719 | D:4      | Reached skill level 7 in Air Magic
  4719 | D:4      | Reached XP level 8. HP: 26/48 MP: 7/12
  4825 | D:4      | Found a sparkling altar of Nemelex Xobeh.
  5155 | D:5      | Entered Level 5 of the Dungeon
  5221 | D:5      | Found a glowing drain.
  5230 | Sewer    | Entered a sewer
  5403 | Sewer    | Learned a level 4 spell: Airstrike
  5998 | D:5      | Reached skill level 5 in Fighting
  6071 | D:5      | Reached skill level 8 in Air Magic
  6381 | D:5      | Reached XP level 9. HP: 35/54 MP: 5/14
  6601 | D:5      | Reached skill level 10 in Conjurations
  6945 | D:5      | Found Seitunn's Elemental Accessories.
  7164 | D:5      | Found a staircase to the Ecumenical Temple.
  7183 | Temple   | Entered the Ecumenical Temple
  7426 | Temple   | Became a worshipper of Ashenzari the Shackled
  7567 | D:5      | Reached skill level 9 in Air Magic
  7863 | D:5      | Reached skill level 1 in Evocations
  8428 | D:6      | Found an ornate altar of the Wu Jian Council.
  8437 | D:6      | Found a glowing golden altar of the Shining One.
  8437 | D:6      | Found a stormy altar of Qazlal.
  8493 | D:6      | Learned a level 4 spell: Sticky Flame
  8667 | D:6      | Reached skill level 1 in Fire Magic
  9414 | D:7      | Reached XP level 10. HP: 61/61 MP: 6/16
  9621 | D:7      | Reached skill level 10 in Air Magic
  9671 | D:7      | Reached * piety under Ashenzari
  9671 | D:7      | Identified a scroll of acquirement
  9684 | D:7      | Acquired the amulet "Itzo" {rC+ Regen+ Slay+3}
  9779 | D:7      | Noticed Duvessa
  9801 | D:7      | Noticed Dowan
  9821 | D:7      | Killed Dowan
  9857 | D:7      | Killed Duvessa
 10019 | D:7      | Reached skill level 1 in Short Blades
 10293 | D:7      | Found a blossoming altar of Fedhas.
 10894 | D:8      | Reached ** piety under Ashenzari
 10903 | D:8      | Found a flagged portal.
 10935 | Bailey   | Entered a bailey
 11099 | Bailey   | Reached skill level 11 in Air Magic
 11114 | Bailey   | Noticed Prince Ribbit
 11115 | Bailey   | Noticed a vault guard
 11116 | Bailey   | Reached skill level 5 in Fire Magic
 11134 | Bailey   | Killed a vault guard
 11145 | Bailey   | Killed Prince Ribbit
 11153 | Bailey   | Noticed a vault guard
 11177 | Bailey   | Killed a vault guard
 11178 | Bailey   | Reached XP level 11. HP: 50/69 MP: 8/18
 11328 | Bailey   | Reached skill level 12 in Air Magic
 11794 | D:8      | Reached *** piety under Ashenzari
 12650 | D:9      | Learned a level 5 spell: Lightning Bolt
 12792 | D:10     | Entered Level 10 of the Dungeon
 12828 | D:10     | Reached skill level 1 in Armour
 13109 | D:10     | Found Yqanuelo's Jewellery Shop.
 13169 | D:10     | Found a staircase to the Orcish Mines.
 13458 | D:10     | Noticed a two-headed ogre
 13499 | D:10     | Killed a two-headed ogre
 13503 | D:10     | Reached **** piety under Ashenzari
 13987 | D:10     | Found a staircase to the Lair.
 14219 | D:11     | Noticed a cyclops
 14229 | D:11     | Killed a cyclops
 14464 | D:11     | Reached skill level 13 in Air Magic
 14480 | D:11     | Reached XP level 12. HP: 78/82 MP: 4/23
 14481 | D:11     | Noticed a boulder beetle
 14507 | D:10     | Learned a level 4 spell: Summon Lightning Spire
 14601 | D:11     | Killed a boulder beetle
 15160 | D:11     | Noticed a boulder beetle
 15168 | D:11     | Killed a boulder beetle
 15169 | D:11     | Reached skill level 10 in Fighting
 15428 | D:11     | Reached ***** piety under Ashenzari
 15707 | Lair:1   | Entered Level 1 of the Lair of Beasts
 15943 | Lair:1   | Identified the +5 dagger "Homp" {vorpal, SInv}
 16047 | Lair:1   | Reached skill level 1 in Shields
 16049 | Lair:1   | Reached skill level 5 in Spellcasting
 16657 | Lair:1   | Reached skill level 14 in Air Magic
 17102 | Lair:2   | Noticed an eight-headed hydra
 17107 | Lair:2   | Killed an eight-headed hydra
 17922 | D:10     | Bought the ring "Resih" {Will+ EV+4 SInv} for 686 gold
                  | pieces
 17955 | D:12     | Noticed a boulder beetle
 18194 | Lair:2   | Reached XP level 13. HP: 80/91 MP: 6/27
 18201 | Lair:2   | Reached skill level 5 in Shields
 18203 | Lair:2   | Reached skill level 15 in Air Magic
 18661 | Lair:2   | Found a staircase to the Shoals.
 19448 | Lair:3   | Found a hole to the Spider Nest.
 19456 | Lair:3   | Learned a level 6 spell: Conjure Ball Lightning
 20567 | Lair:4   | Reached skill level 16 in Air Magic
 21237 | Lair:4   | Found a staircase to the Slime Pits.
 21237 | Lair:4   | Found a viscous altar of Jiyva.
 21626 | Lair:4   | Reached ****** piety under Ashenzari
 21633 | Lair:5   | Entered Level 5 of the Lair of Beasts
 21636 | Lair:5   | Found a radiant altar of Vehumet.
 21853 | Lair:5   | Identified the +1 helmet of Light {+Blink rElec Slay+2
                  | Stlth+}
 22988 | Lair:5   | Reached XP level 14. HP: 100/100 MP: 13/29
 23203 | Lair:5   | Reached skill level 17 in Air Magic
 24362 | Lair:5   | Identified the +2 robe "Gelonkem" {Archmagi}
 25091 | Lair:5   | Identified the +3 dagger of Conscience {flame, Dex+3}
 25527 | Orc:1    | Entered Level 1 of the Orcish Mines
 25711 | Orc:1    | Noticed Jorgrun
 25728 | Orc:1    | Killed Jorgrun
 25729 | Orc:1    | Reached skill level 1 in Staves
 26130 | Orc:2    | Entered Level 2 of the Orcish Mines
 26184 | Orc:2    | Noticed an orc warlord
 26195 | Orc:2    | Killed an orc warlord
 26690 | Orc:2    | Reached skill level 18 in Air Magic
 26979 | Orc:2    | Found a staircase to the Elven Halls.
 27106 | Orc:2    | Found Siamu's Weapon Shop.
 27107 | Orc:2    | Found Tannis's Antique Armour Shoppe.
 27107 | Orc:2    | Found Imaamoigu's Armour Boutique.
 27110 | Orc:2    | Found Ceer Ise's General Store.
 27122 | Orc:2    | Bought 2 potions of mutation for 272 gold pieces
 27275 | Orc:2    | Bought a transparent leather armour for 252 gold pieces
 27275 | Orc:2    | Identified the +2 leather armour "Bushrafik" {rF+} (You
                  | bought it in a shop on level 2 of the Orcish Mines)
 27275 | Orc:2    | Bought a runed cloak for 270 gold pieces
 27363 | D:12     | Reached XP level 15. HP: 104/104 MP: 23/29
 28300 | D:12     | Noticed Azrael
 28505 | D:12     | Killed Azrael
 28668 | D:13     | Found a gate to the Vaults.
 28847 | D:13     | Reached skill level 5 in Evocations
 29388 | D:13     | Noticed Maurice
 29391 | D:13     | Killed Maurice
 29457 | D:13     | Found Notytaew's Distillery.
 29465 | D:13     | Bought a potion of heal wounds for 70 gold pieces
 29465 | D:13     | Bought a potion of mutation for 112 gold pieces
 29465 | D:13     | Gained mutation: You have an increased reservoir of magic.
                  | (+10% MP) [potion of mutation]
 29465 | D:13     | Gained mutation: You expend magic power (3 MP) to
                  | strengthen your wands. [potion of mutation]
 29899 | D:13     | Lost mutation: You expend magic power (3 MP) to strengthen
                  | your wands. [potion of mutation]
 29899 | D:13     | Lost mutation: You have an increased reservoir of magic.
                  | (+10% MP) [potion of mutation]
 29899 | D:13     | Gained mutation: You possess an exceptional clarity of
                  | mind. [potion of mutation]
 29899 | D:13     | Gained mutation: Your spells are a little harder to cast,
                  | but a little more powerful. [potion of mutation]
 29918 | D:13     | Reached skill level 15 in Conjurations
 30058 | D:13     | Learned a level 8 spell: Maxwell's Capacitive Coupling
 30597 | D:13     | Reached skill level 5 in Staves
 31362 | D:14     | Identified the +8 dire flail "Fiasux" {spect, MP+9 Str+2
                  | Int+2 Dex+4}
 31463 | D:15     | Entered Level 15 of the Dungeon
 31779 | D:15     | Reached XP level 16. HP: 111/111 MP: 4/31
 32411 | D:15     | Identified the +1 robe of Uwuz {rCorr Str+4}
 32421 | D:15     | Reached skill level 19 in Air Magic
 32517 | D:15     | Found a staircase to the Depths.
 32920 | D:15     | Found a glowing golden altar of the Shining One.
 33273 | Shoals:1 | Entered Level 1 of the Shoals
 33877 | Shoals:1 | Found Ypaqymn's General Store.
 35283 | Shoals:2 | Noticed Frances
 35418 | Shoals:2 | Killed Frances
 35699 | Shoals:2 | Noticed Louise
 35958 | Shoals:2 | Killed Louise
 35959 | Shoals:2 | Reached skill level 15 in Fighting
 35962 | Shoals:2 | Noticed Ilsuiw
 36045 | Shoals:2 | Killed Ilsuiw
 36654 | Shoals:2 | Noticed a kraken
 36659 | Shoals:2 | Killed a kraken
 36935 | Shoals:2 | Identified the Directory of Evolution and Sidekicks
 36935 | Shoals:2 | Identified the Tome of Polar Transmigration
 37199 | Shoals:3 | Found Woodgh's Armour Shoppe.
 37204 | Shoals:3 | Bought the +3 crown of Dyrovepreva {rElec Int+2 SInv} for
                  | 662 gold pieces
 37204 | Shoals:3 | Found the +3 crown of Dyrovepreva {rElec Int+2 SInv}
 37599 | Shoals:3 | Acquired 907 gold pieces
 37965 | Shoals:3 | Reached XP level 17. HP: 83/116 MP: 4/33
 38148 | Shoals:3 | Learned a level 5 spell: Arcjolt
 39022 | Spider:1 | Entered Level 1 of the Spider Nest
 39032 | Spider:1 | Noticed Asterion
 39159 | Spider:1 | Killed Asterion
 39370 | Spider:1 | Reached skill level 10 in Spellcasting
 39715 | Spider:1 | Noticed Mlioglotl
 39720 | Spider:1 | Killed Mlioglotl
 39721 | Spider:1 | Reached skill level 20 in Air Magic
 41140 | Spider:3 | Noticed Arachne
 41145 | Spider:3 | Mangled by Arachne

Illustrated notes

Levels and vault maps discovered:
D:1:      scummos_arrival_simple_crosswalls, layout_basic, serial_shops,
          nicolae_shop_hallway_plus
D:2:      layout_rooms, minmay_fractal_squares_gapless_5, uniq_terence,
          uniq_sigmund
D:3:      layout_basic, serial_shops, nicolae_shop_overgrown_old_shop,
          palyth_stone_intersect
D:4:      layout_gridville, mainiacjoe_overflow_boulevard,
          nemelex_diamond_rough_becter, enter_ossuary_3, bh_walls_and_bars,
          uniq_edmund
D:5:      minmay_thinvault, layout_layer_cave, minmay_temple_entry_stoned_glass,
          gup_sewer_entry_bubbles, nicolae_elemental_shop, minmay_ogre_servants
D:6:      layout_rooms, mainiacjoe_overflow_cross_hatched,
          mainiacjoe_overflow_divided_tiny
D:7:      layout_basic, overflow_temple_1_default, uniq_duvessa
D:8:      layout_cave_pools, enter_bailey_3
D:9:      layout_loops_ring
D:10:     layout_basic, due_lair_maze_entry_diamond, orc_0_dummy,
          minmay_shop_grid_forest, bh_circular_ruins
D:11:     layout_layer_cave
D:12:     layout_cave_pools, uniq_azrael
D:13:     layout_irregular_city, david_vaults_3, serial_shops,
          nicolae_shop_crystal, st_stairs_6, chequers_serial_rivers_small_a,
          uniq_maurice
D:14:     layout_cave_pools, serial_bayou_pond_e, nicolae_fountain_basement
D:15:     gammafunk_enter_depths_forms, layout_long_grid, tso_metal_star,
          minmay_misc_feat_doors
Temple:   regret_index_temple_sphere_string
Lair:1:   layout_gridlike, grunt_megastairs_4
Lair:2:   layout_cave_pods, minmay_shoals_entry_lonely_mermaid
Lair:3:   layout_long_grid, spider_nest_entry_webs, hibernation_bobbens,
          serial_bayou_shore_a, serial_bayou_shore_b
Lair:4:   layout_cave_pods, slime_entry_1
Lair:5:   hangedman_lair_caniforms_friends, layout_cellular_growth, basic_altar,
          grunt_megastairs_5, serial_bayou_shore_b, infiniplex_staircase_pool
Shoals:1: layout_shoals, serial_shops, shop, nicolae_shoals_spring_well_temple
Shoals:2: layout_shoals, uniq_ilsuiw, uniq_frances, uniq_louise
Shoals:3: layout_shoals, nicolae_stop_n_shop_1
Spider:1: layout_spider_delve, uniq_mlioglotl, uniq_asterion
Spider:2: layout_spider_delve, nicolae_spider_stair_cavern
Spider:3: layout_spider_delve, hangedman_spider_tarantella_strand, uniq_arachne
Orc:1:    layout_diamond_mine, uniq_jorgrun
Orc:2:    st_orc_rangers, layout_caves

Skill      XL: |  1  2  3  4  5  6  7  8  9 10 11 12 13 14 15 16 17 |
---------------+----------------------------------------------------+-----
Conjurations   | 2 3 5 6 8 9 10 11 12 14 15 16 17 | 17.3
Fighting       | 1 2 3 4 5 6 8 9 11 12 13 14 15 | 15.6
Air Magic      | 5 6 7 8 9 11 13 14 16 18 19 20 | 20.2
Spellcasting   | 3 4 5 6 7 8 9 10 | 10.2
Evocations     | 3 4 6 |  6.9
Fire Magic     | 2 6 7 |  7.1
Short Blades   | 2 |  2.2
Armour         | 3 4 |  4.2
Shields        | 4 5 6 |  6.0
Staves         | 2 5 7 8 |  8.9
Dodging        | |  2.5
Stealth        | |  2.0

Action                   |  1- 3 |  4- 6 |  7- 9 | 10-12 | 13-15 | 16-18 || total
-------------------------+-------+-------+-------+-------+-------+-------++-------
Melee: Unarmed           |    11 |       |       |       |       |       ||    11
       Kick              |     1 |    12 |    45 |   101 |   192 |    73 ||   424
       Peck              |     1 |     5 |    31 |    70 |   110 |    50 ||   267
       Dagger            |     1 |    43 |   183 |   262 |   225 |       ||   714
       Punch             |       |     1 |     3 |     4 |       |       ||     8
       Staff             |       |       |       |       |   194 |   188 ||   382
 Cast: Shock             |    48 |    72 |   200 |    81 |       |       ||   401
       Static Discharge  |     3 |    10 |    47 |    41 |    46 |     1 ||   148
       Airstrike         |       |       |     4 |    13 |     7 |     3 ||    27
       Sticky Flame      |       |       |       |     5 |     9 |     1 ||    15
       Lightning Bolt    |       |       |       |    77 |   252 |   149 ||   478
       Summon Lightning  |       |       |       |     5 |    32 |    11 ||    48
       Conjure Ball Ligh |       |       |       |       |    11 |     1 ||    12
       Maxwell's Capacit |       |       |       |       |     4 |    20 ||    24
       Arcjolt           |       |       |       |       |       |    15 ||    15
Invok: Curse Item        |       |       |     1 |     7 |     3 |       ||    11
       Shatter the Chain |       |       |       |     1 |     4 |     1 ||     6
Evoke: Wand              |       |       |     3 |    30 |     2 |     8 ||    43
       Lightning rod     |       |       |       |       |       |     3 ||     3
  Use: Potion            |     1 |       |     1 |     1 |     2 |     3 ||     8
       Scroll            |       |    13 |     5 |     1 |     5 |     3 ||    27
 Stab: Sleeping          |       |     1 |     6 |     1 |       |       ||     8
       Distracted        |       |       |       |     1 |     3 |     1 ||     5
Armor: Robe              |     8 |    10 |    68 |    68 |   128 |    75 ||   357
Dodge: Dodged            |    18 |    31 |   143 |   195 |   508 |   199 ||  1094
Block: Kite shield       |       |       |       |    38 |   430 |       ||   468
       Buckler           |       |       |       |       |     6 |   126 ||   132
       Reflection        |       |       |       |       |       |    24 ||    24

Table legend: (Time is in decaauts)
 A = Elapsed time spent in this place.
 B = Non-inter-level travel time spent in this place.
 C = Inter-level travel time spent in this place.
 D = Time resting spent in this place.
 E = Time spent auto-exploring this place.
 F = Levels seen in this place.
 G = Mean time per level.
                   A        B        C        D        E       F      G
               +--------+--------+--------+--------+--------+-----+--------+
         Total |  39191 |  36576 |   2615 |   7512 |  22870 |  32 | 1224.7 |
       Dungeon |  19371 |  17868 |   1503 |   2768 |  12052 |  15 | 1291.4 |
        Temple |    244 |    181 |     63 |      0 |    168 |   1 |  244.0 |
          Lair |   9517 |   8906 |    611 |   2001 |   5696 |   5 | 1903.4 |
        Shoals |   5102 |   4865 |    237 |   1726 |   2471 |   3 | 1700.7 |
   Spider Nest |   1870 |   1789 |     81 |    337 |   1157 |   3 |  623.3 |
  Orcish Mines |   1713 |   1596 |    117 |    283 |    924 |   2 |  856.5 |
         Sewer |    396 |    396 |      0 |     94 |    123 |   1 |  396.0 |
       Ossuary |    548 |    548 |      0 |    169 |    123 |   1 |  548.0 |
        Bailey |    426 |    426 |      0 |    132 |    153 |   1 |  426.0 |
               +--------+--------+--------+--------+--------+-----+--------+

Top non-repeatable levels by time:
Shoals:1: 2553 daAuts
  Lair:4: 2520 daAuts
     D:5: 2447 daAuts
  Lair:5: 2281 daAuts
    D:13: 2243 daAuts
  Lair:1: 1735 daAuts
    D:10: 1682 daAuts
  Lair:3: 1560 daAuts
     D:3: 1554 daAuts
    D:15: 1536 daAuts
    D:11: 1514 daAuts
     D:7: 1439 daAuts
  Lair:2: 1419 daAuts
Shoals:3: 1370 daAuts
Shoals:2: 1178 daAuts
